 Dungeon Crawl Stone Soup version 0.25.1-1-g288607f5aa (webtiles) character file.

Game seed: 3840218087032987436

130497 Delamore the Warrior (level 17, 0/118 HPs)
             Began as a Gargoyle Fighter on July 23, 2020.
             Was a High Priest of Qazlal.
             Killed by divine providence
             ... invoked by a meliai
              (12 damage)
             ... on level 3 of the Spider Nest.
             The game lasted 00:33:37 (28011 turns).

Delamore the Warrior (Gargoyle Fighter)            Turns: 28011, Time: 00:33:37

Health: 0/118      AC: 25    Str: 26    XL:     17   Next: 8%
Magic:  9/29       EV:  7    Int: 20    God:    Qazlal [*****.]
Gold:   2451       SH: 21    Dex:  9    Spells: 16/16 levels left

rFire    . . .     SeeInvis .   i - +5 demon whip "Pos Ruel" {freeze, Int+4}
rCold    . . .     Gourm    .   c - +0 kite shield
rNeg     + . .     Faith    +   o - +2 plate armour {MR+}
rPois    ∞         Spirit   .   k - +1 helmet
rElec    +         Reflect  .   (no cloak)
rCorr    .         Harm     .   s - +0 pair of gloves
MR       +++..                  q - +0 pair of boots
Stlth    ..........             t - amulet of faith
HPRegen  0.29/turn              b - +6 ring of intelligence
MPRegen  0.21/turn              j - ring of protection from magic

@: protected from physical damage, corroded, flying, slowed, repel missiles,
very slow
A: big wings, negative energy resistance 1, electricity resistance, unbreathing,
petrification resistance, rot immunity, AC +12
a: Stop Flying, Upheaval, Elemental Force, Disaster Area, Renounce Religion


You were on level 3 of the Spider Nest.
You worshipped Qazlal.
Qazlal was extremely pleased with you.
You were not hungry.

You visited 5 branches of the dungeon, and saw 27 of its levels.
You also visited: Bailey.

You collected 2451 gold pieces.

Inventory:

Hand Weapons
 i - the +5 demon whip "Pos Ruel" (weapon) {freeze, Int+4}
   (You acquired it on level 1 of the Lair of Beasts)

   It has been specially enchanted to freeze those struck by it, causing extra
   injury to most foes and up to half again as much damage against particularly
   susceptible opponents.
   It can also slow down cold-blooded creatures.
   It affects your intelligence (+4).
Missiles
 v - 11 javelins
 F - 10 curare-tipped darts
 I - a throwing net
 K - 3 atropa-tipped darts (quivered)
Armour
 c - a +0 kite shield (worn)
 k - a +1 helmet (worn)
 o - a +2 plate armour of magic resistance (worn)
 q - a +0 pair of boots (worn)
 s - a +0 pair of gloves (worn)
Jewellery
 b - a +6 ring of intelligence (left hand)
 e - an uncursed amulet of reflection
 j - a ring of protection from magic (right hand)
 t - an amulet of faith (around neck)
 D - an uncursed amulet of the acrobat {unknown}
 N - an uncursed amulet of guardian spirit {unknown}
 Z - an uncursed amulet of the acrobat {unknown}
Wands
 a - a wand of disintegration (17)
 w - a wand of polymorph (13)
 x - a wand of flame (55)
 E - a wand of enslavement (12)
 M - a wand of random effects (14)
 P - a wand of digging (15)
Scrolls
 g - 3 scrolls of blinking
 h - 3 scrolls of enchant armour
 m - 5 scrolls of amnesia
 n - 11 scrolls of remove curse
 u - 12 scrolls of teleportation
 y - 3 scrolls of enchant weapon
 B - 2 scrolls of silence {unknown}
 H - 2 scrolls of magic mapping
 J - 3 scrolls of immolation {unknown}
 L - 5 scrolls of fog {unknown}
 Q - 2 scrolls of fear {unknown}
 W - a scroll of torment {unknown}
 X - 2 scrolls of identify
 Y - 2 scrolls of vulnerability {unknown}
Potions
 d - 4 potions of might
 l - 3 potions of berserk rage
 p - 15 potions of curing
 r - 6 potions of magic
 z - a potion of ambrosia
 A - 6 potions of heal wounds
 C - 8 potions of stabbing
 G - 5 potions of brilliance
 O - a potion of mutation
 R - 2 potions of resistance {unknown}
 S - a potion of invisibility {unknown}
 T - 2 potions of flight {unknown}
 U - 4 potions of lignification {unknown}
Comestibles
 f - 37 rations


   Skills:
 - Level 17.6 Fighting
 - Level 12.0 Maces & Flails
 - Level 3.2 Armour
 - Level 15.0 Shields
 + Level 17.0 Invocations
 - Level 5.1 Evocations


You had 16 spell levels left.
You didn't know any spells.
Your spell library contained the following spells:

 Spells                   Type           Power        Failure   Level  Hunger
 Animate Skeleton         Necr           N/A          95%         1    ##.....
 Corona                   Hex            #......      95%         1    ##.....
 Infusion                 Chrm           #...         95%         1    ##.....
 Pain                     Necr           #...         95%         1    ##.....
 Sandblast                Erth           #.....       95%         1    ##.....
 Shock                    Conj/Air       #...         95%         1    ##.....
 Corpse Rot               Necr/Air       N/A          99%         2    ###....
 Ensorcelled Hibernation  Hex/Ice        #.....       99%         2    ###....
 Passwall                 Tmut/Erth      #.......     99%         2    ###....
 Shroud of Golubria       Chrm/Tloc      #.....       99%         2    ###....
 Song of Slaying          Chrm           #.......     99%         2    ###....
 Swiftness                Chrm/Air       #.......     99%         2    ###....
 Confusing Touch          Hex            #.......     100%        3    ####...
 Dazzling Flash           Conj/Hex       #.....       100%        3    ####...
 Gell's Gravitas          Tloc           #.........   100%        3    ####...
 Ozocubu's Armour         Chrm/Ice       #.......     100%        3    ####...
 Spectral Weapon          Hex/Chrm       #.......     100%        3    ####...
 Spider Form              Tmut/Pois      #.........   100%        3    ####...
 Static Discharge         Conj/Air       #.......     100%        3    ####...
 Stone Arrow              Conj/Erth      #.....       100%        3    ####...
 Tukima's Dance           Hex            #.......     100%        3    ####...
 Vampiric Draining        Necr           #.........   100%        3    ####...
 Airstrike                Air            #.........   100%        4    #####..
 Animate Dead             Necr           N/A          100%        4    #####..
 Olgreb's Toxic Radiance  Pois           #.......     100%        4    #####..
 Petrify                  Tmut/Erth      #.......     100%        4    #####..
 Lee's Rapid Deconstruct  Erth           #.........   100%        5    ######.
 Lightning Bolt           Conj/Air       #.........   100%        5    ######.
 Metabolic Englaciation   Hex/Ice        #.........   100%        5    ######.
 Yara's Violent Unravell  Hex/Tmut       #.........   100%        5    ######.
 Conjure Ball Lightning   Conj/Air       #.........   100%        6    #######
 Starburst                Conj/Fire      #.........   100%        6    #######


Dungeon Overview and Level Annotations

Branches:
Dungeon (15/15)            Temple (1/1) D:4            Lair (6/6) D:11
 Shoals (0/4) Lair:3       Spider (3/4) Lair:2        Slime (0/5) Lair:6
    Orc (2/2) D:9             Elf (0/3) Orc:2        Vaults (0/5) D:13
 Depths (0/5) D:15         Bailey (visited)

Altars:
Ashenzari
Cheibriados
Dithmenos
Elyvilon
Fedhas
Gozag
Hepliaklqana
Kikubaaqudgha
Makhleb
Nemelex Xobeh
Okawaru
Qazlal
Ru
Sif Muna
Trog
Uskayaw
Vehumet
Wu Jian
Xom
Yredelemnul
Zin
The Shining One
Beogh
Jiyva

Shops:
D:6 %   D:13 }   Orc:2 *:*?

Portals:
Trove: D:10 (give 19 potions of curing)

Annotations:
Lair:6 1 runed translucent door


Innate Abilities, Weirdness & Mutations

You are resistant to torment.
Your stone body is resilient. (AC +12)
You are immune to poison.
Your large and strong wings let you fly indefinitely.
You resist negative energy. (rN+)
You are resistant to electric shocks. (rElec)
You can survive without breathing.
You are immune to petrification.
You are immune to rotting.


Message History

You see here a redback corpse.
You block the meliai's attack. x2; The meliai hits you but does no damage.
You block the meliai's attack. The meliai hits you but does no damage.
The meliai stings you but does no damage.
The meliai hits you but does no damage. The meliai closely misses you.
The meliai invokes the aid of its god against you.
Something smites you!
* * * LOW HITPOINT WARNING * * *
There is a stone staircase leading up here.
You hear an angry hiss.
The meliai is engulfed in freezing vapours.
You block the meliai's attack. x2; The meliai hits you but does no damage.
The meliai completely misses you.
The meliai is engulfed in freezing vapours.
You block the meliai's attack. x2; The meliai hits you but does no damage.
The meliai stings you but does no damage.
The meliai is engulfed in freezing vapours.
The meliai calls down the wrath of its god upon you.
Something smites you!
You die...

### .. ..## ...
...# .... ≈.≈
....# .. ...##
≈### #..#§..#
#§°@#?.#
##.☼yy≈.#...
#≈.°w.°.≈.#
#.^≈.††...≈.≈.
...≈...#.##≈≈..
....... .. ..≈.
..?.... ..# ..#
....≈.. #.. .#
##.#≈≈. ...


You could see a torpor snail and 2 meliai.

Vanquished Creatures
  Gastronok (Lair:1)
  An orc warlord (Bailey)
  An ironheart preserver (D:13)
  An entropy weaver (Spider:1)
  A dire elephant (Lair:6)
  A spark wasp (Spider:2)
  Snorg (Lair:5)
  The ghost of DildoBatman the Protected, a journeyman FoWz of Kikubaaqudgha (Orc:1)
  A fire dragon (D:15)
  An ice dragon (D:15)
  8 hydras
  A merfolk avatar (Lair:6)
  6 centaur warriors
  4 catoblepae
  An ogre mage (D:15)
  A death knight (D:13)
  4 two-headed ogres
  An orc high priest (Orc:2)
  Urug (Lair:1)
  Sonja (Lair:1)
  5 skeletal warriors (D:14)
  An unseen horror (D:13)
  3 sea snakes (Lair:6)
  Pikel (D:7)
  3 orc knights
  16 orb spiders
  4 deep elf magi
  11 orc sorcerers (Orc:2)
  2 manticores
  2 cyclopes
  9 wolf spiders
  6 ugly things
  3 centaur zombies
  4 black mambas
  6 elephants
  12 spiny frogs
  A torpor snail (Spider:2)
  A gargoyle (D:12)
  4 centaur skeletons
  An efreet (D:15)
  6 rime drakes
  5 demonic crawlers
  10 komodo dragons
  A jumping spider (shapeshifter) (D:15)
  A meliai (Spider:3)
  6 trolls
  3 polar bears (Lair:6)
  5 hornets
  9 jumping spiders
  Grinder (D:6)
  17 blink frogs
  6 dream sheep (Lair:6)
  8 slime creatures
  A redback (shapeshifter) (D:12)
  8 hippogriffs
  Sigmund (D:3)
  A shadow (D:13)
  3 water elementals (D:15)
  4 wyverns
  46 redbacks
  A spriggan (Lair:2)
  2 basilisks
  3 wraiths
  19 tarantellas
  38 yaks
  7 vampire mosquitoes
  3 hungry ghosts
  2 steam dragons
  Menkaure (D:6)
  11 wargs
  An acid dragon (D:11)
  18 water moccasins
  10 porcupines
  24 orc warriors
  2 phantoms
  An eye of draining (D:10)
  2 ice beasts
  5 sky beasts
  A black bear (D:9)
  A necrophage (D:6)
  4 wolves (Lair:2)
  13 ogres
  20 centaurs
  17 crocodiles
  A big kobold (D:14)
  13 bullfrogs
  2 wyvern zombies
  2 gnoll sergeants
  2 spectral wargs (Orc:1)
  A wyvern skeleton (D:14)
  5 scorpions
  9 killer bees
  7 wights (D:10)
  8 howler monkeys
  8 crimson imps
  2 bullfrog zombies (D:6)
  5 hounds
  13 orc priests
  7 jellies
  47 orc wizards
  4 bullfrog skeletons
  Natasha (thrice) (D:2)
  11 iguanas
  3 spectral orcs (Orc:1)
  14 worker ants
  A killer bee zombie (D:7)
  A hound zombie (D:9)
  3 hound skeletons
  Robin (D:2)
  A howler monkey skeleton (D:5)
  16 gnolls
  9 adders
  3 shadow imps
  2 orc simulacra (Orc:1)
  9 oozes
  3 worms
  A dart slug (D:2)
  5 leopard geckos
  105 orcs
  9 bats
  3 giant cockroaches
  20 goblins
  11 hobgoblins
  21 jackals
  3 quokkas
  5 frilled lizards
  14 kobolds
  A leopard gecko skeleton (D:4)
  A quokka skeleton (D:4)
  8 rats
904 creatures vanquished.

Vanquished Creatures (others)
  An entropy weaver (Spider:3)
  An orc wizard (D:10)
  A kobold (D:14)
  7 fungi
  15 plants
25 creatures vanquished.

Grand Total: 929 creatures vanquished

Notes
Turn   | Place    | Note
-------+----------+-------------------------------------------
     0 | D:1      | Delamore the Gargoyle Fighter began the quest for the Orb.
     0 | D:1      | Reached XP level 1. HP: 14/14 MP: 1/1
    75 | D:1      | Reached XP level 2. HP: 19/19 MP: 2/2
   402 | D:1      | Reached XP level 3. HP: 23/23 MP: 3/3
   862 | D:2      | Noticed Robin
   864 | D:2      | Reached XP level 4. HP: 28/28 MP: 4/4
   903 | D:2      | Killed Robin
  1104 | D:2      | Found a blossoming altar of Fedhas.
  1106 | D:2      | Noticed Natasha
  1113 | D:2      | Killed Natasha
  1191 | D:2      | Found a bloodstained altar of Trog.
  1194 | D:2      | Noticed Natasha
  1199 | D:2      | Killed Natasha
  1199 | D:2      | Reached skill level 5 in Maces & Flails
  1199 | D:2      | Reached XP level 5. HP: 32/32 MP: 5/5
  1671 | D:2      | Noticed Natasha
  1682 | D:2      | Killed Natasha
  2088 | D:3      | Reached XP level 6. HP: 37/37 MP: 6/6
  2093 | D:3      | Found a basalt altar of Yredelemnul.
  2147 | D:3      | Found a shimmering blue altar of Sif Muna.
  2262 | D:3      | Found a radiant altar of Vehumet.
  2263 | D:3      | Found a white marble altar of Elyvilon.
  2263 | D:3      | Found an ancient bone altar of Kikubaaqudgha.
  2305 | D:3      | Found a faded altar of an unknown god.
  2408 | D:3      | Noticed Sigmund
  2429 | D:3      | Killed Sigmund
  2593 | D:3      | Found an opulent altar of Gozag.
  2846 | D:4      | Found a hazy altar of Hepliaklqana.
  2851 | D:4      | Reached XP level 7. HP: 41/41 MP: 7/7
  3323 | D:4      | Found a staircase to the Ecumenical Temple.
  3393 | Temple   | Entered the Ecumenical Temple
  3678 | Temple   | Became a worshipper of Qazlal Stormbringer
  3789 | D:4      | Reached XP level 8. HP: 37/46 MP: 8/8
  3870 | D:4      | Found a glowing golden altar of the Shining One.
  4139 | D:5      | Entered Level 5 of the Dungeon
  4487 | D:5      | Reached skill level 10 in Maces & Flails
  4906 | D:6      | Noticed Grinder
  4910 | D:6      | Paralysed by Grinder for 4 turns
  4917 | D:6      | Found Vucaeng's Food Emporium.
  4939 | D:6      | Killed Grinder
  5011 | D:6      | Reached * piety under Qazlal
  5011 | D:6      | Reached XP level 9. HP: 51/51 MP: 9/9
  5139 | D:6      | Noticed Menkaure
  5143 | D:6      | Killed Menkaure
  5342 | D:6      | Found a hide-covered altar of Uskayaw.
  5970 | D:7      | Noticed Pikel
  6008 | D:7      | Killed Pikel
  6543 | D:8      | Reached XP level 10. HP: 56/56 MP: 10/10
  6800 | D:8      | Noticed a two-headed ogre
  6809 | D:8      | Killed a two-headed ogre
  7106 | D:8      | Found a snail-covered altar of Cheibriados.
  7256 | D:9      | Reached ** piety under Qazlal
  7277 | D:9      | Reached skill level 10 in Shields
  7820 | D:9      | Found a staircase to the Orcish Mines.
  7911 | D:9      | Found Junkoc's Assorted Antiques.
  8201 | D:9      | Found an iron altar of Okawaru.
  8304 | D:9      | Found an ornate altar of the Wu Jian Council.
  8464 | Orc:1    | Entered Level 1 of the Orcish Mines
  8624 | D:9      | Reached *** piety under Qazlal
  8861 | D:10     | Entered Level 10 of the Dungeon
  8898 | D:10     | Reached XP level 11. HP: 60/60 MP: 11/11
  8902 | D:10     | Found a flagged portal.
  8928 | Bailey   | Entered a bailey
  8943 | Bailey   | Noticed an orc warlord
  9024 | Bailey   | Found a runed translucent gate.
  9024 | Bailey   | Found a runed translucent gate.
  9024 | Bailey   | Found a runed translucent gate.
  9278 | Bailey   | Killed an orc warlord
  9385 | D:10     | Reached **** piety under Qazlal
  9884 | D:10     | Found a portal to a secret trove of treasure.
 10139 | D:10     | Reached ***** piety under Qazlal
 10525 | D:11     | Noticed a red ugly thing
 10570 | D:11     | Killed a red ugly thing
 10820 | D:11     | Found a staircase to the Lair.
 11001 | D:11     | Noticed a five-headed hydra
 11015 | D:11     | Killed a five-headed hydra
 11015 | D:11     | Reached skill level 15 in Shields
 11629 | Lair:1   | Entered Level 1 of the Lair of Beasts
 11643 | Lair:1   | Reached skill level 5 in Fighting
 11675 | Lair:1   | Reached XP level 12. HP: 57/69 MP: 12/12
 11691 | Lair:1   | Noticed Gastronok
 11718 | Lair:1   | Killed Gastronok
 12017 | Lair:1   | Identified a scroll of acquirement
 12018 | Lair:1   | Acquired the +5 demon whip "Pos Ruel" {freeze, Int+4}
 12025 | Lair:1   | Reached skill level 5 in Evocations
 12025 | Lair:1   | Reached XP level 13. HP: 78/78 MP: 12/17
 12227 | Lair:1   | Noticed Sonja
 12357 | Lair:1   | Noticed Urug
 12373 | Lair:1   | Killed Urug
 12390 | Lair:1   | Killed Sonja
 12902 | Lair:2   | Reached skill level 10 in Fighting
 13305 | Lair:2   | Reached ****** piety under Qazlal
 13387 | Lair:2   | Found a hole to the Spider Nest.
 14629 | Lair:3   | Found a staircase to the Shoals.
 14929 | Lair:4   | Gained mutation: Your large and strong wings let you fly
                  | indefinitely. [Gargoyle growth]
 14929 | Lair:4   | Reached XP level 14. HP: 67/92 MP: 18/18
 16741 | Lair:6   | Entered Level 6 of the Lair of Beasts
 16752 | Lair:6   | Noticed Snorg
 16774 | Lair:5   | Killed Snorg
 16859 | Lair:6   | Reached skill level 15 in Fighting
 17418 | Lair:6   | Noticed a dire elephant
 17452 | Lair:6   | Killed a dire elephant
 17716 | Lair:6   | Identified the Papyrus of Darkness and Contamination
 18207 | Lair:6   | Found a runed translucent door.
 18207 | Lair:6   | Found a viscous altar of Jiyva.
 18207 | Lair:6   | Found a staircase to the Slime Pits.
 18625 | Orc:1    | Reached XP level 15. HP: 106/106 MP: 19/19
 18818 | Orc:2    | Entered Level 2 of the Orcish Mines
 19674 | Orc:1    | Found a runed translucent gate.
 19674 | Orc:1    | Found a runed translucent gate.
 19674 | Orc:1    | Found a runed translucent gate.
 19675 | Orc:1    | Noticed DildoBatman's ghost (journeyman FoWz)
 19844 | Orc:1    | Killed DildoBatman's ghost
 19864 | Orc:1    | Identified the Compendium of Confrontation and Dark Arts
 20186 | Orc:2    | Found a staircase to the Elven Halls.
 20397 | Orc:2    | Found a roughly hewn altar of Beogh.
 20409 | Orc:2    | Found Tuad's Book Boutique.
 20409 | Orc:2    | Found Sur Laoh's Assorted Antiques.
 20560 | Orc:2    | Found Tibilosu's Magic Scroll Boutique.
 20560 | Orc:2    | Found Lommim's General Store.
 21362 | D:12     | Found a bloodstained altar of Trog.
 21821 | D:12     | Reached skill level 10 in Invocations
 22763 | D:13     | Found a gate to the Vaults.
 22850 | D:13     | Found Nenous's Gadget Emporium.
 23251 | D:14     | Reached XP level 16. HP: 66/113 MP: 25/25
 24336 | D:15     | Entered Level 15 of the Dungeon
 24759 | D:15     | HP: 3/113 [fire dragon/blast of flame (38)]
 24998 | D:15     | Found a staircase to the Depths.
 25735 | Spider:1 | Entered Level 1 of the Spider Nest
 25797 | Spider:1 | Reached skill level 15 in Invocations
 27728 | Spider:2 | Reached XP level 17. HP: 108/118 MP: 29/29
 28011 | Spider:3 | Killed from afar by a meliai

Illustrated notes

Levels and vault maps discovered:
D:1:      moated_graveyard_arrival, layout_loops_ring
D:2:      layout_basic, fedhas_altar_1, nicolae_overflow_hidden_temple,
          uniq_robin, uniq_natasha
D:3:      layout_basic, grunt_gozag_statues, gammafunk_temple_overflow_claw,
          lemuel_coloured_pillars_altar, chequers_ecumenical_altar_twisty,
          tgw_sif, uniq_sigmund
D:4:      minmay_spotlight, layout_layer_cave, lemuel_round_altar,
          kennysheep_mini_moat, minmay_temple_entry_sparse_star, first_ration
D:5:      layout_basic, serial_park_tiny_2, guppyfry_early_lair_pool
D:6:      layout_basic, nicolae_overflow_crystal_walls, serial_shops,
          nicolae_shop_window_shopping, kennysheep_windowed_goal, uniq_menkaure,
          uniq_grinder
D:7:      layout_basic, uniq_pikel
D:8:      layout_loops_ring, cheibrodos_worm_habitat
D:9:      layout_basic, kennysheep_mini, kennysheep_little_box, orc_0_dummy,
          serial_shops, nicolae_shop_overgrown_old_shop
D:10:     layout_basic, enter_bailey_7, nicolae_trove_entry_free_sample,
          hangedman_little_slice_of_home
D:11:     layout_basic, david_lair_shrubbed
D:12:     layout_cave_pods, basic_altar, billiards_dpeg
D:13:     layout_cave_pools, skrybe_vaults_entry_preservation, serial_shops,
          shop_fountains, minmay_diced_spiral
D:14:     layout_stronghold
D:15:     grunt_enter_depths_hoard, layout_basic, serial_bayou_shore_a
Temple:   jpeg_temple_island
Lair:1:   layout_loops_ring, uniq_gastronok, uniq_urug, uniq_sonja
Lair:2:   layout_roguey, nicolae_spider_entry_orb_guardian,
          grunt_forest_large_clearing_hut
Lair:3:   layout_cave_pods, minmay_shoals_entry_centaurs, grunt_megastairs_5
Lair:4:   layout_regular_city, grunt_megastairs_1, lemuel_fruit_tree,
          infiniplex_staircase_pool_2
Lair:5:   layout_gridlike
Lair:6:   gammafunk_lair_ancient_temple, layout_small_grid, slime_altar_2,
          grunt_forest_small_clearing_treed, uniq_snorg
Spider:1: layout_spider_delve, einodemon_crawler_minivault,
          hangedman_spider_tarantella_strand
Spider:2: layout_spider_delve
Spider:3: layout_spider_delve
Orc:1:    layout_caves, gammafunk_ghost_necromancy
Orc:2:    st_orc_town, layout_diamond_mine

Skill      XL: |  1  2  3  4  5  6  7  8  9 10 11 12 13 14 15 16 17 |
---------------+----------------------------------------------------+-----
Maces & Flails | 3 4 5 6 7 9 11 12 | 12.0
Shields        | 8 12 15 | 15.0
Fighting       | 5 7 12 16 17 | 17.6
Invocations    | 6 12 16 17 | 17.0
Evocations     | 5 |  5.1
Armour         | |  3.2

Action                   |  1- 3 |  4- 6 |  7- 9 | 10-12 | 13-15 | 16-18 || total
-------------------------+-------+-------+-------+-------+-------+-------++-------
Melee: Flail             |    57 |       |       |       |       |       ||    57
       Whip              |    18 |   197 |   320 |   891 |       |       ||  1426
       Demon whip        |       |       |       |       |  1305 |   697 ||  2002
Throw: Javelin           |       |       |       |    10 |     2 |       ||    12
       Dart              |       |       |       |     6 |     3 |       ||     9
Invok: Disaster Area     |       |       |       |       |     9 |     4 ||    13
       Upheaval          |       |       |       |       |     5 |       ||     5
 Abil: Fly               |       |       |       |       |     1 |       ||     1
  Use: Scroll            |       |       |     7 |    11 |     2 |       ||    20
       Potion            |       |       |       |     1 |       |     3 ||     4
  Eat: Chunk             |       |     6 |     9 |    19 |    29 |     9 ||    72
       Ration            |       |       |     1 |     1 |     2 |     2 ||     6
Armor: Scale mail        |    45 |    73 |    72 |    58 |       |       ||   248
       Plate armour      |       |       |       |   145 |   418 |   261 ||   824
Dodge: Dodged            |    19 |    36 |    34 |    82 |   121 |   104 ||   396
       Repelled          |       |       |       |     1 |    25 |     1 ||    27
Block: Kite shield       |    55 |   146 |   126 |   498 |   938 |   562 ||  2325
       Reflection        |       |     2 |       |       |       |       ||     2
